 Dungeon Crawl Stone Soup version 0.29.1-15-g9cfb28693d (webtiles) character file.

Game seed: 10416718550941384835

343118 Smoke131 the Deadly Accurate (level 21, 0/221 HPs)
             Began as an Ogre Gladiator on Mar 5, 2023.
             Was the Champion of Okawaru.
             Slain by an acid blob (24 damage)
             ... on level 1 of the Pits of Slime on Mar 6, 2023.
             The game lasted 03:22:34 (64982 turns).

Smoke131 the Deadly Accurate (Ogre Gladiator)      Turns: 64982, Time: 03:22:35

Health: 0/221      AC: 26    Str: 37    XL:     21   Next: 64%
Magic:  28/28      EV:  9    Int: 12    God:    Okawaru [******]
Gold:   2928       SH:  0    Dex: 19    Spells: 20/20 levels left

rFire   + + +      SeeInvis .   F - +7 demon trident (vorpal)
rCold   + + .      Faith    .   L - +7 tower shield "Vam Fut" {Dex+3}
rNeg    + . .      Spirit   .   y - +0 pearl dragon scales
rPois   +          Reflect  .   W - +1 hat of Soft Brilliance {Int+3 Dex+6 Slay+3}
rElec   .          Harm     .   o - +2 cloak
rCorr   +          Rampage  .   (gloves unavailable)
Will    +....                   (boots unavailable)
Stlth   ..........              P - amulet of regeneration
HPRegen 1.26/turn               N - ring "Negianuj" {AC+4 Str+5}
MPRegen 0.21/turn               H - ring "Matire" {rPois rF+++ rC++ Will- rCorr}

@: confused, ambrosia-drunk, studying Stealth, invisible
A: large, unfitting armour, tough skin 1, screaming 1, subdued magic 1
}: 3/15 runes: decaying, abyssal, gossamer
a: Renounce Religion, Heroism, Finesse, Duel


You were on level 1 of the Pits of Slime.
You worshipped Okawaru.
Okawaru was exalted by your worship.
You visited 8 branches of the dungeon, and saw 35 of its levels.
You visited the Abyss 1 time.
You visited 1 bazaar.
You also visited: Ice Cave.

You collected 6638 gold pieces.
You spent 3710 gold pieces at shops.

Inventory:

Hand Weapons
 F - a +7 vorpal demon trident (weapon)
Missiles
 d - 3 throwing nets
 f - 22 large rocks
 n - 23 poisoned darts
 r - 6 boomerangs (quivered)
 t - 2 silver boomerangs
 B - 7 curare-tipped darts
 C - 8 datura-tipped darts
 E - 16 javelins
 V - 6 atropa-tipped darts
Armour
 o - a +2 cloak (worn)
 y - +0 pearl dragon scales (worn)
 L - the +7 tower shield "Vam Fut" (worn) {Dex+3}
   (Okawaru gifted it to you on level 4 of the Lair of Beasts)

   Dex:       It affects your dexterity (+3).
 T - +0 fire dragon scales
 W - the +1 hat of Soft Brilliance (worn) {Int+3 Dex+6 Slay+3}
   (Okawaru gifted it to you on level 2 of the Lair of Beasts)

   Int:       It affects your intelligence (+3).
   Dex:       It affects your dexterity (+6).
   Slay:      It affects your accuracy & damage with ranged weapons and melee
   (+3).
 Y - +0 ice dragon scales
 Z - the +10 shadow dragon scales of Carved Music {Harm rElec rF- Regen+ Stlth++++}
   (Okawaru gifted it to you on level 12 of the Dungeon)

   rF:        It makes you vulnerable to fire.
   rElec:     It insulates you from electricity.
   Regen:     It increases your rate of health regeneration.
   Harm:      It increases damage dealt and taken.
   Stlth:     It makes you much more stealthy.
Jewellery
 a - a ring of see invisible
 e - a ring of positive energy
 H - the ring "Matire" (right hand) {rPois rF+++ rC++ Will- rCorr}
   (You took it off a deep elf high priest on level 3 of the Elven Halls)

   [ring of poison resistance]

   rF:        It renders you almost immune to fire.
   rC:        It greatly protects you from cold.
   rPois:     It protects you from poison.
   rCorr:     It protects you from acid and corrosion.
   Will:      It decreases your willpower.
 K - a ring of flight
 N - the ring "Negianuj" (left hand) {AC+4 Str+5}
   (You bought it in a shop on level 2 of the Orcish Mines)

   [ring of protection]

   AC:        It affects your AC (+4).
   Str:       It affects your strength (+5).
 P - an amulet of regeneration (around neck)
 X - a ring of protection from fire
Wands
 m - a wand of mindburst (5)
 x - a wand of polymorph (4)
 z - a wand of roots (30)
 G - a wand of acid (22)
 Q - a wand of digging (24)
 S - a wand of flame (14)
Scrolls
 c - 4 scrolls of immolation
 j - 10 scrolls of teleportation
 p - 3 scrolls of blinking
 q - 7 scrolls of magic mapping
 u - 10 scrolls of fog
 A - 2 scrolls of vulnerability
 I - 3 scrolls of silence
 J - 4 scrolls of enchant armour
 M - 6 scrolls of amnesia
 R - 3 scrolls of fear
Potions
 b - 7 potions of magic
 g - 6 potions of haste
 h - 5 potions of brilliance
 i - 11 potions of flight
 k - 3 potions of ambrosia
 l - 11 potions of lignification
 s - 15 potions of curing
 v - 2 potions of cancellation
 w - 7 potions of mutation
 D - 5 potions of might
 O - 2 potions of resistance
 U - 2 potions of invisibility


   Skills:
 + Level 15.6 Fighting
 + Level 15.4 Polearms
 + Level 20.3 Throwing
 + Level 15.5 Armour
 - Level 3.0 Dodging
 + Level 19.3 Shields
 - Level 10.0 Invocations


You had 20 spell levels left.
You didn't know any spells.
Your spell library contained the following spells:

 Spells                   Type           Power      Damage    Failure   Level
 Beastly Appendage        Tmut           0%         N/A       67%         1
 Foxfire                  Conj/Fire      0%         2x1d4     67%         1
 Slow                     Hex            0%         N/A       67%         1
 Sting                    Tmut/Pois      0%         1d3       67%         1
 Ensorcelled Hibernation  Hex/Ice        0%         N/A       80%         2
 Poisonous Vapours        Pois/Air       0%         N/A       80%         2
 Static Discharge         Conj/Air       0%         3-3/arc   80%         2
 Sublimation of Blood     Necr           0%         N/A       80%         2
 Wereblood                Tmut           0%         N/A       80%         2
 Confusing Touch          Hex            0%         N/A       96%         3
 Conjure Flame            Conj/Fire      0%         6-21      96%         3
 Inner Flame              Hex/Fire       0%         N/A       96%         3
 Portal Projectile        Hex/Tloc       0%         N/A       96%         3
 Spider Form              Tmut/Pois      0%         N/A       96%         3
 Stone Arrow              Conj/Erth      0%         3d7       96%         3
 Vampiric Draining        Necr           0%         2d6       96%         3
 Anguish                  Hex/Necr       0%         N/A       100%        4
 Corpse Rot               Necr/Pois/Air  0%         N/A       100%        4
 Dispel Undead            Necr           0%         3d6       100%        4
 Flame Wave               Conj/Fire      0%         2d4       100%        4
 Leda's Liquefaction      Hex/Erth       0%         N/A       100%        4
 Olgreb's Toxic Radiance  Pois           0%         N/A       100%        4
 Passage of Golubria      Tloc           0%         N/A       100%        4
 Petrify                  Tmut/Erth      0%         N/A       100%        4
 Sticky Flame             Conj/Fire      0%         2d3       100%        4
 Blade Hands              Tmut           0%         N/A       100%        5
 Borgnjor's Vile Clutch   Necr/Erth      0%         N/A       100%        5
 Freezing Cloud           Conj/Ice/Air   0%         6-21      100%        5
 Irradiate                Conj/Tmut      0%         3d11      100%        5
 Lee's Rapid Deconstruct  Erth           0%         3d5*      100%        5
 Silence                  Hex/Air        0%         N/A       100%        5
 Yara's Violent Unravell  Hex/Tmut       0%         3d3       100%        5
 Starburst                Conj/Fire      0%         6d3       100%        6
 Statue Form              Tmut/Erth      0%         N/A       100%        6
 Enfeeble                 Hex            0%         N/A       100%        7
 Orb of Destruction       Conj           0%         9d5       100%        7
 Lehudib's Crystal Spear  Conj/Erth      0%         10d2      100%        8
 Polar Vortex             Ice            0%         N/A       100%        9
 Summon Guardian Golem    Hex/Summ       Unusable   N/A       N/A         3
 Tukima's Dance           Hex            Unusable   N/A       N/A         3
 Animate Armour           Summ/Erth      Unusable   N/A       N/A         4
 Simulacrum               Ice/Necr       Unusable   N/A       N/A         6
 Spellforged Servitor     Conj/Summ      Unusable   N/A       N/A         7
 Summon Hydra             Summ           Unusable   N/A       N/A         7

Dungeon Overview and Level Annotations

Branches:
Dungeon (15/15)            Temple (1/1) D:6            Lair (5/5) D:9
  Swamp (4/4) Lair:2       Spider (4/4) Lair:2        Slime (1/5) Lair:4
    Orc (2/2) D:10            Elf (3/3) Orc:2        Vaults (0/5) D:14
 Depths (0/4) D:15          IceCv (visited)

Altars:
Dithmenos
Elyvilon
Hepliaklqana
Kikubaaqudgha
Okawaru
Qazlal
Trog
Uskayaw
Wu Jian
Xom
Zin
Jiyva

Shops:
D:9 *   Orc:2 :?=!   Elf:1 *   Elf:2 ?(


Innate Abilities, Weirdness & Mutations

You are too large for most types of armour.
You have tough skin. (AC +1)
You occasionally shout uncontrollably at your foes.
Your spells are a little easier to cast, but a little less powerful.


Message History

* * * LOW HITPOINT WARNING * * *
You are splashed with acid.
* * * LOW HITPOINT WARNING * * *
The acid blob hits you but does no damage.
The acid blob hits you but does no damage.
The golden eye blinks at you.
You are more confused.
You're too confused to move!
The acid blob closely misses you.
You completely miss the golden eye. The acid blob hits you.
* * * LOW HITPOINT WARNING * * *
You are splashed with acid.
You resist.
* * * LOW HITPOINT WARNING * * *
The golden eye blinks at you.
You are more confused.
The golden eye blinks at you.
You are more confused.
You feel invigorated. The acid blob spits acid at you.
The splash of acid hits you but does no damage.
You miss the golden eye.
You are no longer corroded.
The acid blob spits acid at you. The splash of acid hits you! You resist.
* * * LOW HITPOINT WARNING * * *
The golden eye blinks!
You barely miss the acid blob.
The acid blob is heavily wounded.
The acid blob closely misses you. The golden eye blinks at you.
You are more confused.
The acid blob jiggles.
The acid blob spits acid at you. The splash of acid misses you.
The golden eye blinks!
The acid blob hits you!
* * * LOW HITPOINT WARNING * * *
You are splashed with acid.
You resist.
* * * LOW HITPOINT WARNING * * *
The acid blob closely misses you. The acid blob attacks as you move away!
The acid blob hits you!!
You die...

#.#..............
...............#.
#.........>....
###..............
##.....G..........
#.....<..........#
##..#.....).......
## ##............
##.##..@..ยง.......
#......J.......#..
##.##..........# #
# ##...##...##
#........##
#.....##.## #......
## ........
##..#....#


You could see an acid blob and a golden eye.

Vanquished Creatures
  2 dread liches (Abyss:3)
  An ancient lich (Abyss:3)
  Mara (Spider:4)
  Arachne (Spider:2)
  Rupert (D:12)
  5 liches (Abyss:3)
  3 deep elf blademasters
  A deep elf master archer (Elf:3)
  Frances (Elf:1)
  2 azure jellies
  Agnes (Spider:1)
  Roxanne (Elf:2)
  5 emperor scorpions
  10 deep elf sorcerers
  3 ghouls (Swamp:2)
  An orc warlord (Orc:1)
  6 ghost moths
  5 deep elf elementalists (Elf:3)
  A reaper (IceCv)
  A broodmother (Spider:4)
  The ghost of Smoke131 the Grappler, a journeyman TrGl of Okawaru (Lair:2)
  A starcursed mass (Abyss:3)
  Nessos (D:12)
  6 eleionomae
  6 deep elf demonologists
  3 entropy weavers
  2 spark wasps (Spider:4)
  The ghost of Ad1ctor the Severer, a journeyman MiBe of Trog (D:11)
  6 bunyips
  7 deep elf annihilators (Elf:3)
  The ghost of Sadonosm the Carver, a journeyman DgSk (Lair:3)
  Snorg (D:13)
  6 deep elf death magi
  Josephine (D:12)
  2 fire dragons (Abyss:3)
  5 deep elf high priests (Elf:3)
  A shambling mangrove (Swamp:1)
  Fannar (Lair:3)
  A great orb of eyes (Abyss:3)
  2 jorogumos
  2 ghost crabs
  6 boulder beetles
  2 catoblepae
  12 hydras
  3 ice dragons (Swamp:4)
  5 two-headed ogres
  3 ogre magi (Abyss:3)
  A radroach (Spider:1)
  9 centaur warriors
  36 dancing weapons
  14 alligators
  23 death yaks
  A vampire mage (Swamp:1)
  A shock serpent (shapeshifter) (D:15)
  A titan zombie (Abyss:3)
  2 orc high priests
  12 spriggans
  Sonja (D:12)
  16 deep elf knights
  5 skeletal warriors (D:12)
  3 pharaoh ants
  3 sun moths
  6 goliath frogs
  6 steelbarb worms
  3 deep trolls (D:15)
  4 spriggan druids
  2 orb spiders (Spider:2)
  10 bog bodies
  A glowing orange brain (Abyss:3)
  2 swamp dragons
  13 deep elf archers
  2 orc knights
  4 large abominations
  22 deep elf zephyrmancers
  10 wizards (D:12)
  Pikel (D:4)
  5 necromancers
  18 deep elf pyromancers
  6 orc sorcerers (Orc:2)
  4 ugly things
  21 wolf spiders
  4 manticores
  A shining eye (Abyss:3)
  5 cyclopes
  An oklob plant (Lair:4)
  21 elephants
  7 black mambas
  4 moths of wrath
  2 ice statues
  6 spectral spriggans (Swamp:2)
  A black mamba (shapeshifter) (Abyss:3)
  A smoke demon (Abyss:3)
  4 torpor snails
  11 cane toads
  2 rime drakes
  A gargoyle (D:11)
  12 komodo dragons
  An unseen horror (D:10)
  3 efreet
  15 demonic crawlers
  5 freezing wraiths
  A tengu conjurer (D:13)
  An ice devil (IceCv)
  2 anaconda simulacra (IceCv)
  8 tyrant leeches
  13 hornets
  7 meliai
  A tarantella (shapeshifter) (D:14)
  A queen bee (Spider:3)
  A wolf spider simulacrum (D:13)
  6 trolls
  15 slime creatures
  5 polar bears
  19 tarantellas
  7 raiju (Abyss:3)
  20 blink frogs
  10 dream sheep
  2 water elementals
  19 jumping spiders
  A centaur simulacrum (D:14)
  19 culicivoras
  3 shadows
  2 vampires
  A spriggan (shapeshifter) (Elf:2)
  Sigmund (D:2)
  5 wyverns
  A ynoxinul (Abyss:3)
  2 dire elephant simulacra (IceCv)
  6 wraiths
  Eustachio (D:5)
  A death yak simulacrum (IceCv)
  2 fire elementals (Elf:3)
  3 fire bats (Abyss:3)
  A golden eye (Slime:1)
  2 basilisks (shapeshifter) (D:15)
  77 yaks
  8 chaos spawn (Abyss:3)
  2 steam dragons (D:9)
  3 basilisks
  4 swamp worm simulacra (Swamp:4)
  Menkaure (D:5)
  6 vampire mosquitoes
  30 redbacks
  A harpy simulacrum (IceCv)
  6 wargs
  2 acid dragons
  14 hydra simulacra (Swamp:4)
  14 swamp worms
  14 water moccasins
  3 swamp drakes
  27 orc warriors
  A sky beast (D:6)
  4 black bears
  2 ice beasts
  12 centaurs
  8 ogres
  2 lemures (D:4)
  3 wolves (Lair:1)
  3 kobold brigands
  Blork the orc (D:5)
  2 elf zombies (Elf:1)
  5 two-headed ogre simulacra (IceCv)
  A gnoll sergeant (D:5)
  14 bullfrogs
  An earth elemental (Elf:2)
  3 scorpions
  5 cane toad simulacra (IceCv)
  15 wights
  27 killer bees
  3 elephant simulacra (IceCv)
  4 howler monkeys
  An electric eel (Lair:2)
  11 jellies
  A gnoll bouda (D:7)
  3 hounds
  22 orc priests
  4 iguanas
  32 orc wizards
  5 troll simulacra (IceCv)
  5 spriggan simulacra (IceCv)
  2 small abominations (Abyss:3)
  A wolf simulacrum (IceCv)
  15 gnolls
  14 adders
  3 naga simulacra (IceCv)
  5 shadow imps
  11 white imps
  6 ufetubi
  4 swamp drake simulacra (Swamp:4)
  A worm (D:4)
  72 orcs
  26 endoplasms
  4 giant cockroaches
  6 goblins
  11 hobgoblins
  7 jackals
  5 ball pythons
  2 bats
  A frilled lizard (D:2)
  29 kobolds
  6 rats
  A bush (Lair:4)
1348 creatures vanquished.

Vanquished Creatures (others)
  Asterion (Spider:2)
  A wizard (D:14)
  A deep elf archer (Elf:2)
  A deep elf zephyrmancer (Elf:1)
  6 bloated husks
  An orc wizard (Orc:2)
  2 bushes
  91 fungi
  96 plants
200 creatures vanquished.

Grand Total: 1548 creatures vanquished

Notes
Turn   | Place    | Note
-------+----------+-------------------------------------------
     0 | D:1      | Smoke131 the Ogre Gladiator began the quest for the Orb.
     0 | D:1      | Reached XP level 1. HP: 22/22 MP: 1/1
   258 | D:1      | Reached XP level 2. HP: 24/29 MP: 2/2
   684 | D:2      | Identified the +0 ring mail of the Crypt {MP+9}
   691 | D:2      | Reached XP level 3. HP: 21/37 MP: 3/3
  1132 | D:2      | Reached skill level 1 in Armour
  1132 | D:2      | Reached XP level 4. HP: 14/45 MP: 4/4
  1723 | D:2      | Noticed Sigmund
  1744 | D:2      | Killed Sigmund
  1745 | D:2      | Reached skill level 3 in Throwing
  1745 | D:2      | Reached XP level 5. HP: 35/55 MP: 5/5
  1745 | D:2      | Reached XP level 6. HP: 40/63 MP: 6/6
  3309 | D:4      | Found an ornate altar of the Wu Jian Council.
  3453 | D:4      | Noticed Pikel
  4116 | D:4      | Reached skill level 5 in Fighting
  4119 | D:4      | Reached skill level 4 in Throwing
  4119 | D:4      | Reached XP level 7. HP: 43/72 MP: 7/7
  4409 | D:4      | Killed Pikel
  4410 | D:4      | Reached skill level 5 in Polearms
  4410 | D:4      | Reached XP level 8. HP: 45/83 MP: 8/8
  4708 | D:4      | Found a shadowy altar of Dithmenos.
  4934 | D:5      | Entered Level 5 of the Dungeon
  4941 | D:5      | Noticed Eustachio
  4968 | D:5      | Killed Eustachio
  4969 | D:5      | Reached skill level 5 in Throwing
  5621 | D:5      | Found a hazy altar of Hepliaklqana.
  5628 | D:5      | Found a shimmering altar of Xom.
  5629 | D:5      | Noticed a spectral ugly thing
  5823 | D:5      | Noticed Blork the orc
  5841 | D:5      | Killed Blork the orc
  6285 | D:5      | Noticed Menkaure
  6704 | D:5      | Killed Menkaure
  6950 | D:5      | Reached XP level 9. HP: 27/93 MP: 9/9
  7323 | D:5      | Reached skill level 6 in Throwing
  8095 | D:6      | Found a stormy altar of Qazlal.
  8100 | D:6      | Found a white marble altar of Elyvilon.
  8100 | D:6      | Found an ancient bone altar of Kikubaaqudgha.
  9067 | D:6      | Reached skill level 5 in Armour
  9069 | D:6      | Found a staircase to the Ecumenical Temple.
  9162 | Temple   | Entered the Ecumenical Temple
  9176 | Temple   | Became a worshipper of Warmaster Okawaru
  9643 | D:7      | Reached skill level 1 in Invocations
 10843 | D:6      | Reached skill level 7 in Throwing
 11025 | D:6      | Reached * piety under Okawaru
 11141 | D:7      | Reached XP level 10. HP: 93/94 MP: 11/11
 11209 | D:7      | HP: 2/94 [something (16)]
 15932 | D:9      | Reached ** piety under Okawaru
 16149 | D:9      | Reached skill level 10 in Fighting
 16869 | D:9      | Reached skill level 8 in Throwing
 17145 | D:9      | Found a staircase to the Lair.
 17181 | D:9      | Reached *** piety under Okawaru
 17181 | D:9      | Received a gift from Okawaru
 17222 | D:9      | Reached skill level 5 in Invocations
 17222 | D:9      | Reached XP level 11. HP: 45/117 MP: 14/14
 17738 | D:9      | Found Cucyxewi's Elemental Accessories.
 18103 | D:10     | Entered Level 10 of the Dungeon
 18554 | D:10     | Noticed a two-headed ogre
 18557 | D:10     | Killed a two-headed ogre
 18557 | D:10     | Received a gift from Okawaru
 18830 | D:10     | Noticed a red ugly thing
 18926 | D:10     | Killed a red ugly thing
 19258 | D:10     | Found a staircase to the Orcish Mines.
 19849 | D:9      | Identified a scroll of acquirement
 19850 | D:9      | Acquired 1122 gold pieces
 19853 | Lair:1   | Entered Level 1 of the Lair of Beasts
 20071 | D:9      | Reached **** piety under Okawaru
 20072 | D:9      | Reached skill level 9 in Throwing
 20443 | D:9      | Received a gift from Okawaru
 21565 | Lair:1   | Identified the +2 pair of boots "Saafylic" {rF+ Will+}
 21611 | Lair:1   | Reached ***** piety under Okawaru
 21612 | Lair:1   | Reached XP level 12. HP: 95/126 MP: 17/17
 21645 | Lair:1   | Reached skill level 10 in Polearms
 22492 | Lair:1   | Reached skill level 10 in Throwing
 24071 | Lair:2   | Received a gift from Okawaru
 24320 | Lair:2   | Identified the +0 scale mail "Raur" {rPois}
 24327 | Lair:2   | Found a hole to the Spider Nest.
 24611 | Lair:2   | Found a runed translucent gate.
 24613 | Lair:2   | Found a runed translucent gate.
 24613 | Lair:2   | Found a runed translucent gate.
 24619 | Lair:2   | Noticed Smoke131's ghost (journeyman TrGl)
 24622 | Lair:2   | Found a viscous altar of Jiyva.
 25545 | Lair:2   | Found a staircase to the Swamp.
 25720 | Lair:2   | Reached skill level 10 in Invocations
 26216 | Lair:2   | Reached skill level 10 in Armour
 26259 | Lair:3   | Noticed Fannar
 26273 | Lair:3   | Killed Fannar
 26274 | Lair:3   | Reached XP level 13. HP: 102/133 MP: 20/20
 26434 | Lair:3   | Found a transporter.
 26453 | Lair:3   | Found a transporter.
 27414 | Lair:3   | Received a gift from Okawaru
 27597 | Lair:3   | Noticed Sadonosm's ghost (journeyman DgSk)
 28050 | Lair:3   | Received a gift from Okawaru
 28051 | Lair:3   | Reached skill level 11 in Throwing
 28864 | Lair:3   | Received a gift from Okawaru
 28864 | Lair:3   | Reached ****** piety under Okawaru
 30107 | Lair:4   | Found a viscous altar of Jiyva.
 30107 | Lair:4   | Found a staircase to the Slime Pits.
 30367 | Lair:4   | Reached skill level 12 in Throwing
 30439 | Lair:4   | Identified the +6 plate armour "Kuseq" {rF+ Int+3}
 30516 | Lair:3   | Received a gift from Okawaru
 31655 | Lair:4   | Identified the +7 tower shield "Vam Fut" {Dex+3} (Okawaru
                  | gifted it to you on level 4 of the Lair of Beasts)
 31655 | Lair:4   | Received a gift from Okawaru
 31656 | Lair:4   | Reached XP level 14. HP: 105/143 MP: 21/21
 33420 | Lair:5   | Entered Level 5 of the Lair of Beasts
 33548 | Lair:4   | Reached skill level 13 in Throwing
 35262 | Lair:5   | Found an ancient bone altar of Kikubaaqudgha.
 36971 | Lair:5   | Received a gift from Okawaru
 37515 | Lair:5   | Reached skill level 14 in Throwing
 38188 | Lair:4   | Identified the +2 acid dragon scales of the Pink Corner
                  | {Harm Rampage Will- rCorr Dex+2} (Okawaru gifted it to you
                  | on level 4 of the Lair of Beasts)
 38188 | Lair:4   | Received a gift from Okawaru
 38189 | Lair:4   | Reached skill level 15 in Throwing
 38465 | Lair:5   | Reached skill level 1 in Shields
 38480 | Lair:5   | Reached XP level 15. HP: 31/150 MP: 22/22
 40294 | Orc:1    | Entered Level 1 of the Orcish Mines
 40295 | Orc:1    | Noticed an orc warlord
 40722 | Orc:1    | Killed an orc warlord
 40862 | Orc:2    | Entered Level 2 of the Orcish Mines
 40910 | Orc:2    | Found a frozen archway.
 40922 | IceCv    | Entered an ice cave
 42672 | Orc:2    | Found a staircase to the Elven Halls.
 42830 | Orc:2    | Reached skill level 5 in Shields
 43596 | Orc:2    | Found Sadeawn's Distillery.
 43596 | Orc:2    | Found Fiacvia's Magic Scroll Boutique.
 43630 | Orc:2    | Found Miciffu's Book Boutique.
 43648 | Orc:2    | Found Oseli's Jewellery Shop.
 43663 | Orc:2    | Bought a scroll of blinking for 82 gold pieces
 43663 | Orc:2    | Bought a scroll of acquirement for 572 gold pieces
 43663 | Orc:2    | Bought a scroll of silence for 104 gold pieces
 43663 | Orc:2    | Bought a scroll of amnesia for 44 gold pieces
 43664 | Orc:2    | Acquired a +2 demon trident of electrocution
 43714 | Orc:2    | Received a gift from Okawaru
 44251 | Orc:2    | Bought a ring of see invisible for 210 gold pieces
 44251 | Orc:2    | Bought a ring of resist corrosion for 280 gold pieces
 44251 | Orc:2    | Bought the ring "Negianuj" {AC+4 Str+5} for 749 gold pieces
 44255 | Orc:2    | Bought a potion of might for 56 gold pieces
 44255 | Orc:2    | Bought a potion of resistance for 140 gold pieces
 44258 | Orc:2    | Bought an amulet of regeneration for 420 gold pieces
 44801 | D:11     | Got Roxanne's Codex of Excavation
 44917 | D:11     | Found a runed translucent gate.
 44918 | D:11     | Found a runed translucent gate.
 44918 | D:11     | Found a runed translucent gate.
 44918 | D:11     | Noticed Ad1ctor's ghost (journeyman MiBe)
 44946 | D:11     | Killed Ad1ctor's ghost
 45421 | Lair:2   | Killed Smoke131's ghost
 45421 | Lair:2   | Identified the +1 hat of Soft Brilliance {Int+3 Dex+6
                  | Slay+3} (Okawaru gifted it to you on level 2 of the Lair of
                  | Beasts)
 45421 | Lair:2   | Received a gift from Okawaru
 45565 | Lair:3   | Killed Sadonosm's ghost
 46147 | D:12     | Noticed Josephine
 46161 | D:12     | Killed Josephine
 46207 | D:12     | Identified the +4 long sword of Unreason {freeze, rN+
                  | Str+4}
 46221 | D:12     | Reached XP level 16. HP: 156/174 MP: 23/23
 46229 | D:12     | Noticed Rupert
 46232 | D:12     | Paralysed by Rupert for 4 turns
 46241 | D:12     | Killed Rupert
 46319 | D:12     | Found the +3 warlock's mirror {reflect}
 46345 | D:12     | Reached skill level 15 in Fighting
 46402 | D:12     | Got the Octavo of the Serpent
 46488 | D:12     | Noticed Nessos
 46492 | D:12     | Noticed Sonja
 46493 | D:12     | Killed Nessos
 46493 | D:12     | Identified the +10 shadow dragon scales of Carved Music
                  | {Harm rElec rF- Regen+ Stlth++++} (Okawaru gifted it to you
                  | on level 12 of the Dungeon)
 46493 | D:12     | Received a gift from Okawaru
 46497 | D:12     | Killed Sonja
 46579 | D:12     | Identified the +2 sling "Borof" {freeze, Str-2 Int+5}
 46920 | D:13     | Identified the +5 ring mail "Reqem" {Str+3}
 47154 | D:13     | Identified the +5 great sword of the Uplifting Gods
                  | {protect, Fragile rPois Int+6}
 47211 | D:13     | Noticed Snorg
 47217 | D:13     | Killed Snorg
 47218 | D:13     | Reached skill level 10 in Shields
 48638 | D:14     | Found a gate to the Vaults.
 48710 | D:14     | Found a glowing silver altar of Zin.
 48814 | D:15     | Entered Level 15 of the Dungeon
 49026 | D:15     | Found a staircase to the Depths.
 49247 | D:15     | Received a gift from Okawaru
 49579 | D:15     | Reached XP level 17. HP: 165/184 MP: 24/24
 50192 | Lair:2   | Acquired 832 gold pieces
 50195 | Spider:1 | Entered Level 1 of the Spider Nest
 50563 | Spider:1 | Received a gift from Okawaru
 50764 | Spider:1 | Identified the +1 hat of Calculation {-Tele Harm Will+++
                  | Dex+7} (Okawaru gifted it to you on level 1 of the Spider
                  | Nest)
 50764 | Spider:1 | Received a gift from Okawaru
 50781 | Spider:1 | Reached XP level 18. HP: 183/193 MP: 25/25
 50971 | Spider:1 | Noticed Agnes
 50978 | Spider:1 | Killed Agnes
 50979 | Spider:1 | Reached skill level 15 in Shields
 51343 | Spider:2 | Noticed Arachne
 51437 | Spider:2 | Killed Arachne
 51717 | Spider:2 | Noticed Asterion
 51729 | Spider:2 | Killed Asterion
 52705 | Spider:3 | Reached skill level 16 in Throwing
 53435 | Spider:4 | Entered Level 4 of the Spider Nest
 53438 | Spider:4 | Identified the +2 hat of Gafulid {Dex+5} (Okawaru gifted it
                  | to you on level 4 of the Spider Nest)
 53438 | Spider:4 | Received a gift from Okawaru
 53740 | Spider:4 | Noticed Mara
 53743 | Spider:4 | Noticed Smoke131's illusion
 53753 | Spider:4 | Killed Mara
 54570 | Spider:4 | Reached skill level 17 in Throwing
 54625 | Spider:3 | Reached XP level 19. HP: 161/201 MP: 15/26
 54995 | Spider:4 | Got a gossamer rune of Zot
 55176 | Swamp:1  | Entered Level 1 of the Swamp
 55609 | Swamp:1  | Received a gift from Okawaru
 56047 | Swamp:1  | Reached skill level 15 in Armour
 56694 | Swamp:2  | Reached skill level 18 in Throwing
 57659 | Swamp:4  | Entered Level 4 of the Swamp
 58228 | Swamp:4  | Received a gift from Okawaru
 58438 | Swamp:4  | Got a decaying rune of Zot
 58500 | Swamp:4  | Received a gift from Okawaru
 58838 | Elf:1    | Entered Level 1 of the Elven Halls
 59083 | Elf:1    | Reached XP level 20. HP: 188/209 MP: 27/27
 59092 | Elf:1    | Reached skill level 19 in Throwing
 59488 | Elf:1    | Noticed Frances
 59492 | Elf:1    | Killed Frances
 59755 | Elf:1    | Found Jiufrac's Assorted Antiques.
 59759 | Elf:1    | Bought a small iron ring for 180 gold pieces
 59834 | Elf:2    | Found a gateway to a bazaar.
 59936 | Bazaar   | Entered a bazaar
 59943 | Bazaar   | Found Kuinlaob's Antique Armour Shop.
 59957 | Bazaar   | Found Ucip's Jewellery Boutique.
 59971 | Bazaar   | Found Keqemaitt's Armour Shop.
 59999 | Bazaar   | Found Gumodidi's Armour Shop.
 60013 | Bazaar   | Found Vijiurue's General Store.
 60021 | Bazaar   | Bought a scroll of fog for 48 gold pieces
 60021 | Bazaar   | Bought 2 scrolls of teleportation for 72 gold pieces
 60135 | Bazaar   | Bought a ring of protection from fire for 425 gold pieces
 60163 | Bazaar   | Bought a glowing cloak for 202 gold pieces
 60275 | Elf:2    | Found a runed translucent gate.
 60275 | Elf:2    | Found a runed translucent gate.
 60357 | Elf:2    | Received a gift from Okawaru
 60523 | Elf:2    | Found Amyheipp's Weapon Shop.
 60523 | Elf:2    | Found Seobepig's Magic Scroll Boutique.
 60636 | Elf:2    | Bought a scroll of blinking for 82 gold pieces
 60636 | Elf:2    | Bought a scroll of fog for 44 gold pieces
 60647 | Elf:2    | Identified the +7 plate armour of Nonun {Regen+ Str+2}
 60742 | Elf:2    | Identified Roxanne's Codex of the Caves
 60742 | Elf:2    | Noticed Roxanne
 60750 | Elf:2    | Received a gift from Okawaru
 60771 | Elf:2    | Killed Roxanne
 60991 | Elf:2    | Found a runed translucent gate.
 61049 | Elf:2    | Reached skill level 20 in Throwing
 61802 | Elf:3    | Entered Level 3 of the Elven Halls
 61811 | Elf:3    | Identified the +2 trident of Plog {pain, rPois Will- Str+6}
                  | (Okawaru gifted it to you on level 3 of the Elven Halls)
 61811 | Elf:3    | Received a gift from Okawaru
 62745 | Elf:3    | Gained mutation: You occasionally shout uncontrollably at
                  | your foes. [a neqoxec]
 62891 | Elf:3    | Received a gift from Okawaru
 62896 | Elf:3    | Identified the +2 war axe "Voehah" {elec, Str+4 SInv
                  | Stlth+}
 62896 | Elf:3    | Identified the ring "Matire" {rPois rF+++ rC++ Will- rCorr}
 62901 | Elf:3    | Identified the +10 dagger of Gozag's Displeasure {venom,
                  | *Rage rF+++ Str+3 Int-2}
 62905 | Elf:3    | Identified the +6 double sword of the Shrike {protect,
                  | Dex+3}
 63129 | Elf:3    | Reached XP level 21. HP: 122/218 MP: 28/28
 63455 | Elf:3    | Reached skill level 15 in Polearms
 63702 | Abyss:3  | Cast into level 3 of the Abyss (a deep elf sorcerer)
 63737 | Abyss:3  | Gained mutation: Your spells are a little easier to cast,
                  | but a little less powerful. [a neqoxec]
 63767 | Abyss:3  | Noticed a dread lich
 63785 | Abyss:3  | Paralysed by a dread lich for 2 turns
 63793 | Abyss:3  | Killed a dread lich
 63798 | Abyss:3  | Noticed a bone dragon
 63926 | Abyss:3  | Paralysed by something for 1 turns
 64053 | Abyss:3  | Noticed a dread lich
 64057 | Abyss:3  | Noticed an ancient lich
 64065 | Abyss:3  | Killed a dread lich
 64065 | Abyss:3  | Received a gift from Okawaru
 64077 | Abyss:3  | Killed an ancient lich
 64107 | Abyss:3  | Got an abyssal rune of Zot
 64122 | Elf:3    | Escaped the Abyss
 64236 | Elf:3    | Received a gift from Okawaru
 64368 | Elf:3    | Got Sif Muna's Verses on Enchantment and the Pyre
 64924 | Slime:1  | Entered Level 1 of the Pits of Slime
 64933 | Slime:1  | Received a gift from Okawaru
 64982 | Slime:1  | Slain by an acid blob

Illustrated notes

Levels and vault maps discovered:
D:1:      dpeg_arrival_tiny_h, layout_rooms
D:2:      layout_loops_ring, amcnicky_mini_pool_small, uniq_sigmund
D:3:      layout_rooms, nrook_uturn, grunt_ministairs_13, minivault_25
D:4:      layout_basic, nzn_wu_jian_council_hall, lemuel_round_altar, uniq_pikel
D:5:      layout_gridville, regret_index_temple_of_mockery, uniq_blork_the_orc,
          uniq_eustachio, uniq_menkaure
D:6:      layout_gridville, grunt_temple_overflow_open,
          minmay_temple_entry_glassed_door
D:7:      layout_layer_cave, minmay_misc_feat_columns, minmay_misc_feat_alley
D:8:      layout_loops_cross
D:9:      layout_basic, due_lair_maze_entry_diamond, nicolae_elemental_shop,
          minivault_22
D:10:     lemuel_slime, layout_basic, david_orc_2
D:11:     layout_roguey, ebering_ghost_rock_garden
D:12:     minmay_smoke_and_mirrors, layout_loops_ring, st_stairs_1,
          uniq_josephine, uniq_nessos, uniq_rupert, uniq_sonja
D:13:     wad_pebble_path, layout_gridville, uniq_snorg
D:14:     wad_guarded_room, layout_long_grid, infiniplex_staircase_zigzag_3,
          palyth_stone_intersect, zin_statuary
D:15:     hangedman_depths_entry_civil_slaughter, layout_grid_maze, minivault_26
Temple:   nicolae_temple_superstar
Lair:1:   layout_roguey, chequers_serial_rivers_room_b,
          chequers_serial_rivers_large_b, serial_bayou_shore_b,
          lemuel_fruit_tree
Lair:2:   layout_misc_corridors, nicolae_swamp_entry_splash_gauntlet,
          spider_nest_entry_a, gammafunk_ghost_ooze
Lair:3:   layout_roguey, nzn_ghost_randoct, grunt_megastairs_2, uniq_fannar
Lair:4:   layout_hall_layers, slime_entry_1, minmay_lair_oklob_bushes,
          beast_lair_carwin_8
Lair:5:   hangedman_lair_in_review, layout_gridlike, basic_altar,
          infiniplex_staircase_pool
Swamp:1:  layout_basic_swamp, serial_swamp_ruin, evilmike_swamp_ruin_house_5,
          evilmike_swamp_ruin_house_2, cheibrodos_swamp_pet_leeches
Swamp:2:  nicolae_swamp_flooded_prison, layout_basic_swamp,
          evilmike_swamp_ruin_house_4
Swamp:3:  layout_basic_swamp, nicolae_swamp_treefoil, swamp_pool4,
          nicolae_swamp_small_spring
Swamp:4:  swamp_icy, layout_basic_swamp
Spider:1: layout_spider_delve, nicolae_spider_moth_buddies, uniq_agnes
Spider:2: layout_spider_delve, drop_trap, hangedman_spider_tarantella_strand,
          uniq_asterion, uniq_arachne
Spider:3: layout_spider_delve, special_room [special_room_bee]
Spider:4: grunt_spider_rune_parallel, drop_trap, worms_lemuel, uniq_mara
Slime:1:  layout_caves, cheibrodos_slime_lost_civilization_4
Orc:1:    layout_caves
Orc:2:    st_orc_mages, layout_caves, portal_ice_cave_entry_pillars_1
Elf:1:    eino_elf_arrival_the_gate, layout_loops_ring, serial_shops, shop,
          minmay_elf_necromancy, uniq_frances
Elf:2:    nicolae_elf_blades_crystal_corner, layout_geoelf_octagon,
          serial_shops, bzr_entry_islet, minmay_shoptagon, uniq_roxanne
Elf:3:    minmay_elf_hall_spiked, layout_onion_city

Skill      XL: |  1  2  3  4  5  6  7  8  9 10 11 12 13 14 15 16 17 18 19 20 21 |
---------------+----------------------------------------------------------------+-----
Fighting       | 3 4 5 6 7 9 10 14 15 | 15.6
Dodging        | 3 |  3.0
Armour         | 1 2 3 4 5 6 7 10 14 15 | 15.5
Polearms       | 4 5 6 7 8 9 10 12 14 15 | 15.4
Throwing       | 3 4 5 7 8 9 10 12 15 17 18 20 | 20.3
Invocations    | 2 5 7 10 | 10.0
Shields        | 1 8 13 14 15 16 18 19 | 19.3

Action                   |  1- 3 |  4- 6 |  7- 9 | 10-12 | 13-15 | 16-18 | 19-21 || total
-------------------------+-------+-------+-------+-------+-------+-------+-------++-------
Melee: Trident           |    80 |   180 |   142 |   135 |       |       |       ||   537
       Punch             |       |       |     3 |    16 |    14 |       |       ||    33
       Spear             |       |       |   233 |   806 |  1369 |       |       ||  2408
       Demon trident     |       |       |       |       |   218 |   820 |  1228 ||  2266
Throw: Throwing net      |     1 |     1 |       |       |     1 |       |     1 ||     4
       Dart              |       |     9 |    63 |   118 |   127 |       |       ||   317
       Large rock        |       |     1 |     4 |    19 |   134 |   152 |   134 ||   444
       Boomerang         |       |       |    16 |    78 |    76 |   112 |   136 ||   418
       Javelin           |       |       |       |       |    71 |     8 |    17 ||    96
       Stone             |       |       |       |       |       |     8 |       ||     8
Invok: Heroism           |       |       |       |     4 |     8 |     5 |     4 ||    21
       Finesse           |       |       |       |     1 |     7 |     5 |     4 ||    17
Evoke: Wand              |       |       |       |     2 |       |       |       ||     2
  Use: Scroll            |       |    10 |     9 |    12 |    10 |     8 |     9 ||    58
       Potion            |       |       |     2 |     7 |     4 |     4 |    10 ||    27
 Stab: Sleeping          |       |     1 |       |       |       |       |       ||     1
       Invisible         |       |       |       |       |     2 |       |    14 ||    16
       Confused          |       |       |       |       |       |       |     2 ||     2
Armor: Robe              |    20 |    61 |    80 |       |       |       |       ||   161
       Acid dragon scale |       |       |    41 |   126 |       |       |       ||   167
       Pearl dragon scal |       |       |       |   269 |   548 |   442 |   260 ||  1519
       Ice dragon scales |       |       |       |       |       |       |    21 ||    21
Dodge: Dodged            |    49 |    86 |   158 |   339 |   298 |   213 |   147 ||  1290
Block: Tower shield      |       |       |       |       |   853 |  1394 |  1102 ||  3349
